 Dungeon Crawl Stone Soup version 0.27.1-35-g4d5d836560 (webtiles) character file.

Game seed: 9300739936636086583

13 codytheliberalslayer the Magician (level 2, -6/15 HPs)
             Began as a Deep Elf Hedge Wizard on Aug 16, 2022.
             Mangled by a kobold (17 damage)
             ... on level 1 of the Dungeon.
             The game lasted 00:06:42 (499 turns).

codytheliberalslayer the Magician (DEWz)             Turns: 499, Time: 00:06:43

Health: -6/15      AC:  2    Str:  7    XL:     2   Next: 24%
Magic:  8/9        EV: 12    Int: 18    God:
Gold:   25         SH:  0    Dex: 14    Spells: 9/10 levels left

rFire    . . .     SeeInvis .   a - +0 dagger
rCold    . . .     Faith    .   (no shield)
rNeg     . . .     Spirit   .   b - +0 robe
rPois    .         Reflect  .   c - +0 hat
rElec    .         Harm     .   (no cloak)
rCorr    .         Rampage  .   (no gloves)
Will     .....                  (no boots)
Stlth    ++........             (no amulet)
HPRegen  0.05/turn              (no ring)
MPRegen  0.11/turn              (no ring)

@: no status effects
A: no striking features
a: no special abilities


You were on level 1 of the Dungeon.
You visited 1 branch of the dungeon, and saw 1 of its levels.

You collected 25 gold pieces.

Inventory:

Hand Weapons
 a - a +0 dagger (weapon)
Missiles
 e - 27 sling bullets
 g - 6 poisoned darts (quivered)
Armour
 b - a +0 robe (worn)
 c - a +0 hat (worn)
Scrolls
 d - a scroll of enchant weapon {unknown}
Potions
 f - 2 potions of curing {unknown}


   Skills:
 + Level 2.8 Dodging
 + Level 2.6 Stealth
 + Level 4.8 Spellcasting
 + Level 1.2 Conjurations
 + Level 1.1 Summonings
 + Level 1.1 Translocations


You had 9 spell levels left.
You knew the following spells:

 Your Spells              Type           Power      Damage    Failure   Level
a - Magic Dart            Conj           32%        1d4       9%          1

Your spell library contained the following spells:

 Spells                   Type           Power      Damage    Failure   Level
 Blink                    Tloc           N/A        N/A       13%         2
 Call Imp                 Summ           8%         N/A       13%         2
 Slow                     Hex            4%         N/A       21%         2
 Conjure Flame            Conj/Fire      6%         6-21      32%         3
 Mephitic Cloud           Conj/Pois/Air  5%         N/A       34%         3


Dungeon Overview and Level Annotations

Branches:
Dungeon (1/15)

Altars:


Message History

You throw a poisoned dart.
The poisoned dart closely misses the hobgoblin.
The hobgoblin closely misses you.
Casting: Magic Dart (safe; 9% risk of failure)
Confirm with . or Enter, or press ? or * to list all spells.
Aiming: Magic Dart (safe; 9% risk of failure)
Press: ? - help, Shift-Dir - straight line, f/p - hobgoblin
Aim: a hobgoblin (moderately wounded, poisoned, 100% to hit)
You miscast Magic Dart.
You are very lightly contaminated with residual magic.
Nothing appears to happen.
The hobgoblin hits you.
You hit the hobgoblin but do no damage.
The hobgoblin is moderately wounded.
The hobgoblin closely misses you.
You hit the hobgoblin.
The hobgoblin is almost dead.
The hobgoblin hits you but does no damage.
You closely miss the hobgoblin.
The hobgoblin is almost dead.
You kill the hobgoblin!
g - 5 poisoned darts (gained 1)
Your magical contamination has completely faded away.
HP restored.
There is an escape hatch in the floor here.
g - 6 poisoned darts (gained 1)
A frilled lizard and a kobold come into view.
The kobold is wielding a +1 whip of electrocution.
The kobold shouts!
The frilled lizard hisses angrily.
The frilled lizard hisses.
Casting: Magic Dart (safe; 9% risk of failure)
Confirm with . or Enter, or press ? or * to list all spells.
Aiming: Magic Dart (safe; 9% risk of failure)
Press: ? - help, Shift-Dir - straight line, f - kobold
Aim: a kobold, wielding a +1 whip of electrocution (100% to hit)
The magic dart hits the kobold.
The kobold is severely wounded.
The kobold hits you with a +1 whip of electrocution.
You are electrocuted!
Ouch! That really hurt!
You die...

...# #.#..###.#.#.....#
...# #...##...#.#.##..#
##### ...#
#####.......>......# #....
...#
#......##....#.#.#.###....
...#
######.#####...#.#..##....
#....##.###.#..##....
####.##.#...#..##....
#.##.#.###..##....
#@#....#.#..##....
#K######.....#.... #.#
.....#.... #.# ..........
#.# .......... #.l...#
#####.#### #.....# #.
#.....# # #.....#


You could see a kobold and a frilled lizard.

Vanquished Creatures
  2 dart slugs (D:1)
  2 endoplasms (D:1)
  A giant cockroach (D:1)
  A hobgoblin (D:1)
  2 bats (D:1)
  A rat (D:1)
9 creatures vanquished.

Notes
Turn   | Place    | Note
-------+----------+-------------------------------------------
     0 | D:1      | codytheliberalslayer the Deep Elf Hedge Wizard began the
                  | quest for the Orb.
     0 | D:1      | Reached XP level 1. HP: 10/10 MP: 7/7
   191 | D:1      | Reached XP level 2. HP: 15/15 MP: 2/9
   499 | D:1      | Mangled by a kobold

Illustrated notes

Levels and vault maps discovered:
D:1:      dpeg_arrival_boxes_within_box, layout_basic,
          dreamdust_ecumenical_altar_drowned_temple

Action                   || total
-------------------------++-------
Melee: Dagger            ||     6
Throw: Dart              ||     2
 Cast: Magic Dart        ||    23
Armor: Robe              ||     2
Dodge: Dodged            ||     7
